 Dungeon Crawl Stone Soup version 0.19-a0-1218-gcd7aee6 (webtiles) character file.

3559 Fv001 the Cudgeler (level 10, -5/60 HPs)
             Began as a Gargoyle Fighter on Aug 24, 2016.
             Killed by divine providence
             ... invoked by an orc priest
              (14 damage)
             ... on level 9 of the Dungeon.
             The game lasted 00:30:08 (8260 turns).

Fv001 the Cudgeler (Gargoyle Fighter)               Turns: 8260, Time: 00:30:08

Health: -5/60      AC: 38    Str: 21    XL:     10   Next: 9%
Magic:  13/13      EV:  7    Int: 10    God:
Gold:   429        SH: 10    Dex: 10    Spells: 1 memorised, 9 levels left

rFire  + . .     SeeInvis .     a - +0 flail (protect)
rCold  . . .     Gourm    .     J - +0 chain mail
rNeg   + . .     Faith    .     c - +0 shield
rPois  ∞         Spirit   .     g - +1 helmet
rElec  +         Dismiss  .     v - +2 cloak
rCorr  .         Reflect  .     E - +1 pair of gloves
MR     .....     Harm     .     (no boots)
Stlth  ..........               (no amulet)
                                n - ring of protection from fire
                                I - ring of Robustness {AC+8}

@: about to teleport
A: negative energy resistance 1, electricity resistance, unbreathing,
petrification resistance, rot immunity, AC +7
a: no special abilities


You were on level 9 of the Dungeon.
You were not hungry.

You visited 2 branches of the dungeon, and saw 10 of its levels.

You collected 429 gold pieces.

Inventory:

Hand Weapons
 a - a +0 flail of protection (weapon)
 b - a +0 hunting sling
 K - the cursed +1 dagger "Rihuis" {speed, rC+ Str+3 Int+2 SInv, unknown}
   (You found it on level 7 of the Dungeon)

   Attacks with this weapon are significantly faster.
   It affects your strength (+3).
   It affects your intelligence (+2).
   It protects you from cold.
   It lets you see invisible.
   It has a curse placed upon it.
Missiles
 p - 231 stones (quivered)
 y - 75 sling bullets
Armour
 c - a +0 shield (worn)
 g - a +1 helmet (worn)
 v - a +2 cloak (worn)
 E - a +1 pair of gloves (worn)
 J - a +0 chain mail (worn)
Jewellery
 n - a ring of protection from fire (right hand)
 u - a cursed ring of teleportation {unknown}
 I - the ring of Robustness (left hand) {AC+8}
   (You found it on level 6 of the Dungeon)

   [ring of protection]

   It affects your AC (+8).
Wands
 G - a wand of teleportation (6/9)
Scrolls
 e - 2 scrolls of teleportation
 h - 4 scrolls of amnesia
 j - a scroll of enchant weapon {unknown}
 q - a scroll of magic mapping
 t - 5 scrolls of remove curse
 D - 2 scrolls of immolation {unknown}
 F - 2 scrolls of recharging {unknown}
Potions
 d - a potion of cure mutation {unknown}
 m - a potion of haste
 o - a potion of might
 r - a potion of lignification
 w - a potion of invisibility {unknown}
 x - a potion of beneficial mutation {unknown}
 A - a potion of brilliance {unknown}
 B - a potion of degeneration {unknown}
Books
 i - a book of Callings

   Spells                             Type                      Level
   a - Summon Small Mammal            Summoning                    1
   b - Call Imp                       Summoning                    2
   c - Call Canine Familiar           Summoning                    3
   d - Summon Guardian Golem          Hexes/Summoning              3
   e - Summon Lightning Spire         Summoning/Air                4
   f - Summon Ice Beast               Ice/Summoning                4
 k - a book of Death

   Spells                             Type                      Level
   a - Corpse Rot                     Necromancy                   2
   b - Sublimation of Blood           Necromancy                   2
   c - Agony                          Necromancy                   5
   d - Dispel Undead                  Necromancy                   5
   e - Excruciating Wounds            Charms/Necromancy            5
   f - Bolt of Draining               Conjuration/Necromancy       5
Comestibles
 f - 3 bread rations
 l - a beef jerky
 z - 3 fruits
 C - 2 slices of pizza
 H - 7 meat rations
 L - 3 chunks of flesh


   Skills:
 + Level 6.0 Fighting
 * Level 7.3 Maces & Flails
 + Level 4.3 Slings
 + Level 6.4 Armour
 + Level 3.9 Dodging
 + Level 6.1 Shields
 + Level 2.5 Spellcasting
 * Level 3.5 Necromancy


You had 9 spell levels left.
You knew the following spells:

 Your Spells              Type           Power        Failure   Level  Hunger
a - Dispel Undead         Necr           #.......     100%        5    ######.


Dungeon Overview and Level Annotations

Branches:
Dungeon (9/15)             Temple (1/1) D:6
   Lair: D:8-11         Orc: D:9-12

Altars:
Ashenzari
Dithmenos
Elyvilon
Fedhas
Gozag
Hepliaklqana
Kikubaaqudgha
Makhleb
Nemelex Xobeh
Okawaru
Qazlal
Ru
Sif Muna
Uskayaw
Vehumet
Xom
Yredelemnul
Zin
The Shining One

Shops:
D:5 =

Annotations:
D:7 exclusion: oklob plant


Innate Abilities, Weirdness & Mutations

You are resistant to torment.
Your stone body is resilient. (AC +7)
You are immune to poison.
You resist negative energy. (rN+)
You are resistant to electric shocks. (rElec)
You can survive without breathing.
You are immune to petrification.
You are immune to rotting.


Message History

You block the orc priest's attack.
Unknown command.
You hit the orc priest but do no damage.
The orc priest is almost dead.
Something hits you but does no damage.
The orc priest calls down the wrath of Beogh upon you.
Beogh smites you!
* * * LOW HITPOINT WARNING * * *
You block the orc warrior's attack.
You feel better. You block the orc priest's attack.
Something hits you but does no damage.
The orc priest looks braver for a moment.
The orc warrior barely misses you.
As you read the scroll of teleportation, it crumbles to dust.
You feel strangely unstable. You block something's attack.
The orc priest hits you but does no damage. x2
Unknown command.
The orc priest invokes the aid of Beogh against you.
Beogh smites you!
You die...

#.....# ..... .........
#8...8# #..... ........#
##>## #.....
..?.....#############.....
........#..........##.....
(.......#..........##.....
(.(.....#.................
........#.....÷...........
........#@................
......o{oo.............###
.......................##.
####...................##.
......................##.
......#................<.
.......#..................
.......#######............
...... ............


You could see an orc warrior and 2 orc priests.

Vanquished Creatures
  Sigmund (D:5)
  A wyvern (D:8)
  2 hippogriffs
  A hungry ghost (D:8)
  A phantom (D:7)
  2 orc warriors (D:7)
  3 centaurs
  4 ogres
  2 giant frogs
  5 wights (D:6)
  4 crimson imps
  2 giant frog zombies
  8 hounds
  A quasit (D:5)
  A centaur skeleton (D:5)
  4 orc priests
  11 jellies
  Crazy Yiuf (D:7)
  6 worker ants
  6 orc wizards
  2 hound skeletons
  13 adders
  3 shadow imps
  7 oozes
  An adder zombie (D:7)
  4 worms
  3 dart slugs
  5 giant geckos
  34 orcs
  7 bats
  14 giant cockroaches
  11 goblins
  6 hobgoblins
  3 jackals (D:2)
  15 kobolds
  7 quokkas
  A ball python (D:3)
  A giant gecko skeleton (D:4)
  6 giant newts
  9 rats
218 creatures vanquished.

Vanquished Creatures (others)
  7 fungi (D:7)
7 creatures vanquished.

Grand Total: 225 creatures vanquished

Notes
Turn   | Place    | Note
-------+----------+-------------------------------------------
     0 | D:1      | Fv001 the Gargoyle Fighter began the quest for the Orb.
     0 | D:1      | Reached XP level 1. HP: 14/14 MP: 1/1
   305 | D:1      | Reached XP level 2. HP: 19/19 MP: 2/2
   945 | D:2      | Reached XP level 3. HP: 23/23 MP: 3/3
  1029 | D:2      | Found a glowing silver altar of Zin.
  1088 | D:2      | Found an ancient bone altar of Kikubaaqudgha.
  1189 | D:2      | Reached XP level 4. HP: 25/28 MP: 4/4
  1624 | D:2      | Reached skill level 1 in Dodging
  1860 | D:2      | Reached skill level 3 in Maces & Flails
  2224 | D:3      | Reached XP level 5. HP: 33/33 MP: 5/5
  2378 | D:3      | Found a basalt altar of Yredelemnul.
  2943 | D:4      | Reached skill level 1 in Slings
  2953 | D:4      | Reached XP level 6. HP: 33/38 MP: 6/6
  3118 | D:4      | Reached skill level 4 in Maces & Flails
  3507 | D:5      | Entered Level 5 of the Dungeon
  3602 | D:5      | Reached XP level 7. HP: 34/43 MP: 7/7
  3653 | D:5      | Found Xogiczon's Jewellery Shoppe.
  3864 | D:5      | Reached skill level 5 in Maces & Flails
  3868 | D:5      | Noticed Sigmund
  3898 | D:5      | Reached XP level 8. HP: 40/48 MP: 8/8
  3901 | D:5      | Reached skill level 5 in Armour
  3908 | D:5      | Killed Sigmund
  3908 | D:5      | Reached skill level 5 in Shields
  4415 | D:6      | Found an opulent altar of Gozag.
  4661 | D:6      | Learned a level 5 spell: Dispel Undead
  4740 | D:6      | Reached skill level 5 in Fighting
  4829 | D:6      | Reached skill level 1 in Necromancy
  4835 | D:6      | Found a staircase to the Ecumenical Temple.
  4888 | Temple   | Entered the Ecumenical Temple
  5084 | D:7      | Found a shadowy altar of Dithmenos.
  5183 | D:7      | Found a glowing golden altar of the Shining One.
  5239 | D:7      | Got a steaming dagger
  5337 | D:7      | Reached skill level 1 in Spellcasting
  5337 | D:7      | Reached XP level 9. HP: 23/54 MP: 10/10
  5343 | D:7      | Reached skill level 6 in Maces & Flails
  5949 | D:7      | Noticed an oklob plant
  6390 | D:7      | Found a runed door.
  6394 | D:7      | Noticed Crazy Yiuf
  6403 | D:7      | Killed Crazy Yiuf
  6460 | D:7      | Paralysed by an orc warrior for 7 turns
  6479 | D:7      | Paralysed by an orc warrior for 4 turns
  7065 | D:8      | Found a burning altar of Makhleb.
  7338 | D:8      | Reached skill level 7 in Maces & Flails
  7443 | D:8      | Found a blossoming altar of Fedhas.
  7787 | D:8      | Reached XP level 10. HP: 55/60 MP: 13/13
  8020 | D:8      | Found a deep blue altar of Sif Muna.
  8257 | D:9      | HP: 3/60 [orc priest/divine providence (10)]
  8260 | D:9      | Killed from afar by an orc priest

Vault maps used:
D:1:      sevenhm_arrival_forest_fort_large_4
D:2:      kiku_gazebo_garden_becter, old_standard_altar
D:3:      old_standard_altar, minmay_joined_circles
D:5:      serial_shops, shop, first_bread, uniq_sigmund
D:6:      nicolae_gozag_seed_capital
D:7:      lemuel_slime, tso_metal_star, old_standard_altar,
          uniq_crazy_yiuf_cottage
D:8:      lemuel_coloured_pillars_altar, fedhas_altar_2, marbit_many_paths
D:9:      nicolae_overflow_hidden_temple, slow_altar_1
Temple:   eino_temple_lava

Skill      XL: |  1  2  3  4  5  6  7  8  9 |
---------------+----------------------------+-----
Dodging        | 1 2 3 |  3.9
Maces & Flails | 3 4 5 7 |  7.3
Armour         | 4 5 6 |  6.4
Shields        | 4 5 6 |  6.1
Slings         | 1 2 3 4 |  4.3
Fighting       | 4 5 6 |  6.0
Necromancy     | 1 3 |  3.5
Spellcasting   | 1 2 |  2.5

Action                   |  1- 3 |  4- 6 |  7- 9 | 10-12 || total
-------------------------+-------+-------+-------+-------++-------
Melee: Flail             |   180 |   256 |   587 |    44 ||  1067
 Fire: Hunting sling     |       |    82 |   124 |    16 ||   222
  Use: Scroll            |       |     4 |    11 |     1 ||    16
       Potion            |       |       |    10 |     1 ||    11
  Eat: Chunk             |     1 |     9 |    15 |     1 ||    26
       Beef jerky        |       |       |     2 |       ||     2
Armor: Scale mail        |   105 |   122 |   205 |       ||   432
       Chain mail        |       |       |   259 |    46 ||   305
       Skin              |       |       |     3 |       ||     3
Dodge: Dodged            |    49 |    68 |   215 |    13 ||   345
Block: Shield            |    94 |   131 |   380 |    32 ||   637
